 Dungeon Crawl Stone Soup version 0.21-a0-405-gf2af9a1 (webtiles) character file.

1547 tof the Carver (level 8, -13/106 HPs)
             Began as a Minotaur Monk on Nov 1, 2017.
             Killed by divine providence
             ... invoked by an orc priest
              (14 damage)
             ... on level 7 of the Dungeon.
             The game lasted 00:13:34 (6654 turns).

tof the Carver (Minotaur Monk)                      Turns: 6654, Time: 00:13:35

Health: -13/106    AC:  9    Str: 22    XL:     8   Next: 57%
Magic:  7/7        EV: 14    Int:  7    God:
Gold:   326        SH:  0    Dex: 16    Spells: 7/7 levels left

rFire    . . .     SeeInvis .   a - +0 falchion
rCold    . . .     Gourm    .   (no shield)
rNeg     . . .     Faith    .   d - +0 ring mail
rPois    .         Spirit   .   (helmet restricted)
rElec    .         Reflect  .   B - scarf {cloud immunity}
rCorr    .         Harm     .   o - +2 pair of gloves
MR       .....                  (no boots)
Stlth    ..........             (no amulet)
HPRegen  0.27/turn              s - +2 ring of dexterity
MPRegen  0.10/turn              (no ring)

@: berserking, very quick
A: retaliatory headbutt, horns 2
a: no special abilities


You were on level 7 of the Dungeon.
You were not hungry.

You visited 1 branch of the dungeon, and saw 7 of its levels.
You also visited: Sewer.

You collected 422 gold pieces.
You spent 96 gold pieces at shops.

Inventory:

Hand Weapons
 a - a +0 falchion (weapon)
 b - a +0 blowgun
 i - a +0 mace
Missiles
 p - 4 javelins of penetration (quivered)
 y - 7 poisoned needles
Armour
 d - a +0 ring mail (worn)
 o - a +2 pair of gloves (worn)
 x - a +0 robe
 B - a scarf of cloud immunity (worn)
Jewellery
 s - a +2 ring of dexterity (left hand)
Wands
 F - a wand of digging (12/24)
Scrolls
 e - 3 scrolls of remove curse
 k - 9 scrolls of teleportation
 w - a scroll of enchant weapon
 z - a scroll of recharging {unknown}
Potions
 g - 2 potions of haste {unknown}
 q - 3 potions of lignification {unknown}
 r - a potion of magic {unknown}
 t - 3 potions of curing {unknown}
 u - a potion of degeneration {unknown}
 v - 4 potions of flight
 A - a potion of heal wounds {unknown}
 C - a potion of berserk rage
 D - a potion of ambrosia {unknown}
 E - a potion of agility {unknown}
 G - 2 potions of brilliance {unknown}
Comestibles
 c - 2 bread rations
 f - 4 royal jellies
 h - 5 chunks of flesh
 n - 3 fruits


   Skills:
 + Level 6.5 Fighting
 * Level 8.7 Long Blades
 + Level 3.7 Throwing
 + Level 5.2 Armour
 - Level 5.3 Dodging
 - Level 1.5 Stealth


You had 7 spell levels left.
You didn't know any spells.

Dungeon Overview and Level Annotations

Branches:
Dungeon (7/15)
 Temple: D:4-7

Altars:
Ashenzari
Dithmenos
Trog

Shops:
D:7 **

Annotations:
D:3 Natasha
D:4 Dzhakhan's ghost, novice HuFi
D:5 Nukog's ghost, novice MiFi
D:7 Prince Ribbit


Innate Abilities, Weirdness & Mutations

You reflexively headbutt those who attack you in melee.
You have a pair of horns on your head.


Message History

* * * LOW HITPOINT WARNING * * *
You hit the orc warrior. Your headbutt misses the orc warrior.
The orc warrior is heavily wounded.
The orc warrior hits you with a short sword!
* * * LOW HITPOINT WARNING * * *
You hit the orc warrior but do no damage.
The orc warrior is heavily wounded.
You hit the orc warrior.
The orc warrior is almost dead.
The orc warrior hits you with a short sword!
* * * LOW HITPOINT WARNING * * *
The orc priest calls upon Beogh to heal the orc warrior.
The orc warrior is healed somewhat.
You hear a bark!
A red film seems to cover your vision as you go berserk!
You feel yourself moving faster!
You feel mighty! The orc warrior barely misses you.
The orc priest mumbles some strange prayers to Beogh against you.
Beogh smites you!
You die...

#+# #
#...####.#####
#oo@......#
#Z###.###.# #.
..# #. # #.
..# #. #. ...
#. #.##.## #.
#.#...# #.
#...... #.
######......
.......=....


You could see an orc warrior, an orc priest and a wyvern zombie.

Vanquished Creatures
  Menkaure (D:4)
  An ice beast (D:6)
  An ogre (D:7)
  A centaur (D:6)
  3 bullfrogs
  2 scorpions
  A hound (D:5)
  A jelly (D:7)
  3 orc priests
  2 centaur skeletons (D:4)
  A bullfrog skeleton (D:5)
  4 orc wizards
  An iguana (D:5)
  2 worker ants
  Natasha (D:3)
  A merfolk avatar (Sewer)
  A merfolk siren (Sewer)
  Robin (D:4)
  14 adders
  4 gnolls (D:3)
  4 river rats (Sewer)
  2 shadow imps
  2 oozes
  An adder zombie (D:6)
  A worm (D:6)
  4 dart slugs
  9 leopard geckos
  16 orcs
  8 giant cockroaches
  7 goblins
  4 hobgoblins
  A quokka (D:6)
  2 ball pythons (Sewer)
  11 bats
  9 frilled lizards
  11 kobolds
  A quokka skeleton (D:6)
  35 rats
174 creatures vanquished.

Notes
Turn   | Place    | Note
-------+----------+-------------------------------------------
     0 | D:1      | tof the Minotaur Monk began the quest for the Orb.
     0 | D:1      | Reached XP level 1. HP: 19/19 MP: 0/0
   283 | D:1      | Reached skill level 4 in Long Blades
   283 | D:1      | Reached XP level 2. HP: 27/27 MP: 1/1
   346 | D:1      | Reached skill level 1 in Armour
   779 | D:2      | Reached XP level 3. HP: 31/33 MP: 2/2
  1182 | D:2      | Reached XP level 4. HP: 40/40 MP: 3/3
  1564 | D:3      | Noticed Natasha
  1571 | D:3      | Killed Natasha
  1571 | D:3      | Reached skill level 5 in Long Blades
  1978 | D:3      | Noticed Natasha
  2001 | D:3      | Reached XP level 5. HP: 36/47 MP: 4/4
  2513 | D:4      | Reached skill level 1 in Throwing
  2643 | D:4      | Reached XP level 6. HP: 53/53 MP: 5/5
  2650 | D:4      | Found a bloodstained altar of Trog.
  2666 | D:4      | Noticed Robin
  2670 | D:4      | Killed Robin
  2796 | D:4      | Reached skill level 6 in Long Blades
  2847 | D:4      | Reached skill level 5 in Fighting
  3026 | D:4      | Noticed Menkaure
  3036 | D:4      | Killed Menkaure
  3036 | D:4      | Reached XP level 7. HP: 32/61 MP: 6/6
  3273 | D:4      | Found a shattered altar of Ashenzari.
  3444 | D:5      | Entered Level 5 of the Dungeon
  3458 | D:4      | Noticed Dzhakhan's ghost (novice HuFi)
  4376 | D:5      | Reached skill level 7 in Long Blades
  4541 | D:5      | Reached skill level 5 in Dodging
  4684 | D:5      | Noticed Nukog's ghost (novice MiFi)
  4900 | D:6      | Found a glowing drain.
  4904 | Sewer    | Entered a sewer
  5488 | D:6      | Reached XP level 8. HP: 59/70 MP: 7/7
  6055 | D:6      | Found a shadowy altar of Dithmenos.
  6071 | D:6      | Reached skill level 8 in Long Blades
  6404 | D:7      | Reached skill level 5 in Armour
  6526 | D:7      | Found Emug Zecw's General Store.
  6535 | D:7      | Bought a scroll of noise for 16 gold pieces
  6535 | D:7      | Bought a potion of berserk rage for 80 gold pieces
  6563 | D:7      | Noticed Prince Ribbit
  6628 | D:7      | Found Xast's General Store.
  6653 | D:7      | HP: 1/71 [orc warrior/short sword (7)]
  6654 | D:7      | Killed from afar by an orc priest

Vault maps used:
D:1:      mrwooster_arrival_statue, minmay_misc_feat_doors
D:2:      kennysheep_cross_bottleneck
D:3:      minmay_statues_item, uniq_natasha
D:4:      lemuel_doored_altar, ashenzari_altar_1, first_bread, uniq_robin,
          uniq_menkaure
D:5:      lexackson_kobold_supper
D:6:      nicolae_dithmenos_the_darkroom, gup_sewer_entry_spiral
D:7:      gammafunk_temple_overflow_statue, minmay_temple_entry_fiery,
          serial_shops, shop, nicolae_shop_behind_doors, shop,
          uniq_prince_ribbit1
Sewer:    sewer_sea

Skill      XL: |  1  2  3  4  5  6  7  8 |
---------------+-------------------------+-----
Long Blades    | 4 5 6 7 8 |  8.7
Armour         | 1 2 3 4 5 |  5.2
Fighting       | 4 5 6 |  6.5
Dodging        | 4 5 |  5.3
Throwing       | 1 2 3 |  3.7
Stealth        | |  1.5

Action                   |  1- 3 |  4- 6 |  7- 9 || total
-------------------------+-------+-------+-------++-------
Melee: Falchion          |    87 |    98 |   281 ||   466
       Headbutt          |    10 |    34 |    68 ||   112
 Fire: Blowgun           |       |     9 |    20 ||    29
Throw: Javelin           |       |     3 |    20 ||    23
  Use: Scroll            |       |     1 |     8 ||     9
       Potion            |       |       |     1 ||     1
 Stab: Sleeping          |     3 |     1 |     7 ||    11
  Eat: Chunk             |     1 |     5 |     8 ||    14
       Bread ration      |       |       |     1 ||     1
Armor: Ring mail         |    31 |    33 |    87 ||   151
       Robe              |     2 |       |       ||     2
Dodge: Dodged            |    76 |    81 |   179 ||   336
       Rpst.: Falchion   |    18 |    19 |    41 ||    78

Table legend:
 A = Spawn XP
 B = Non-spawn XP
 C = Spawn XP percentage of total XP
 D = Spawn monster count
 E = Non-spawn monster count
 F = Spawn count percentage of total count
 G = Total turns spent on level
                    A         B        C        D         E        F      G
               +---------+---------+-------+---------+---------+-------+---------
         Total |       0 |    2211 |   0.0 |       0 |     174 |   0.0 |  6654
               +---------+---------+-------+---------+---------+-------+---------
           D:1 |       0 |      38 |   0.0 |       0 |      21 |   0.0 |   770
           D:2 |       0 |      72 |   0.0 |       0 |      28 |   0.0 |   787
           D:3 |       0 |     183 |   0.0 |       0 |      25 |   0.0 |  1640
           D:4 |       0 |     486 |   0.0 |       0 |      20 |   0.0 |  1040
           D:5 |       0 |     305 |   0.0 |       0 |      13 |   0.0 |   473
           D:6 |       0 |     472 |   0.0 |       0 |      17 |   0.0 |  1041
           D:7 |       0 |     439 |   0.0 |       0 |      12 |   0.0 |   448
         Sewer |       0 |     216 |   0.0 |       0 |      38 |   0.0 |   455
               +---------+---------+-------+---------+---------+-------+---------
